[Event "Chess House GM December 2019"]
[Site "Aarhus"]
[Date "2019.12.12"]
[Round "1.4"]
[White "Vinter-Schou, Uffe"]
[Black "Svane, Frederik"]
[Result "0-1"]
[ECO "A28"]
[WhiteElo "2359"]
[BlackElo "2398"]
[Annotator "ChessBase"]
[PlyCount "52"]
[EventDate "2019.12.11"]
[EventType "tourn"]
[EventCountry "DEN"]
[SourceTitle "playchess.com"]
[Source "ChessBase"]
[SourceQuality "1"]
[TimeControl "40/5400+30:1800+30"]

1. c4 e5 2. Nc3 Nf6 3. Nf3 Nc6 4. e3 Bb4 5. Qc2 O-O 6. Nd5 Re8 7. Qf5 d6 8. Nxf6+ gxf6 9. Qh5 e4 10. a3 exf3 11. Bd3 f5 12. gxf3 Bc5 13. Kf1 Qf6 14. Rb1 Ne5 15. Bc2 Ng6 16. Rg1 f4 17. d4 fxe3 18. fxe3 Bxd4 19. exd4 Qxd4 20. Bxg6 Re1+ 21. Kxe1 Qxg1+ 22. Ke2 hxg6 23. Qg5 Qxh2+ 24. Kd1 Bf5 25. Ra1 Re8 26. Be3 Bd3 0-1

[Event "Chess House GM December 2019"]
[Site "Aarhus"]
[Date "2019.12.12"]
[Round "1.5"]
[White "Olsen, Filip Boe"]
[Black "Vasli, Aref"]
[Result "1/2-1/2"]
[ECO "E05"]
[WhiteElo "2341"]
[BlackElo "2413"]
[Annotator "ChessBase"]
[PlyCount "67"]
[EventDate "2019.12.11"]
[EventType "tourn"]
[EventCountry "DEN"]
[SourceTitle "playchess.com"]
[Source "ChessBase"]
[SourceQuality "1"]
[TimeControl "40/5400+30:1800+30"]

1. Nf3 Nf6 2. c4 e6 3. g3 d5 4. Bg2 Be7 5. d4 dxc4 6. Ne5 O-O 7. Nc3 Nc6 8. Bxc6 bxc6 9. Nxc6 Qe8 10. Nxe7+ Qxe7 11. Qa4 c5 12. dxc5 Qxc5 13. Be3 Qc7 14. f3 Bb7 15. O-O-O Nd5 16. Bd4 Rfd8 17. Nxd5 Rxd5 18. Bc3 Qc5 19. Rxd5 Bxd5 20. Qd1 Bc6 21. Qd4 Qxd4 22. Bxd4 e5 23. Bc5 Ba4 24. Kd2 a6 25. Rc1 Rd8+ 26. Ke3 Bb5 27. Bb6 Rd6 28. Bc7 Rd7 29. Ba5 f6 30. a4 Bxa4 31. Rxc4 Bb5 32. Rc8+ Kf7 33. Rc7 Rxc7 34. Bxc7 1/2-1/2

[Event "Chess House GM December 2019"]
[Site "Aarhus"]
[Date "2019.12.12"]
[Round "2.1"]
[White "Jacobsen, Mikkel Manosri"]
[Black "Thybo, Jesper Sondergaard"]
[Result "0-1"]
[ECO "A61"]
[WhiteElo "2348"]
[BlackElo "2576"]
[Annotator "RC"]
[PlyCount "82"]
[EventDate "2019.12.11"]
[EventType "tourn"]
[EventCountry "DEN"]
[SourceTitle "playchess.com"]
[Source "ChessBase"]
[SourceQuality "1"]
[TimeControl "40/5400+30:1800+30"]

1. d4 Nf6 2. c4 e6 3. Nf3 c5 4. d5 exd5 5. cxd5 d6 6. Nc3 g6 7. e4 a6 8. a4 Bg4 9. Be2 Bxf3 10. Bxf3 Nbd7 11. Bf4 Qe7 12. O-O Bg7 13. Ra3 O-O 14. a5 Rab8 15. Re1 h6 16. Na4 Rfe8 17. Rae3 Nh7 18. Bg4 Nhf8 19. Bh3 h5 20. R3e2 Be5 21. Bc1 Qh4 22. Qd2 b5 23. axb6 Nxb6 24. Nxb6 Rxb6 25. f4 Bd4+ 26. Kh1 Qf6 27. g3 h4 28. Qa5 Rb3 29. Qa4 Reb8 30. e5 dxe5 31. fxe5 Qh8 32. e6 hxg3 33. e7 Qxh3 34. exf8=Q+ Rxf8 35. Rg2 Rf3 36. d6 Qe6 37. Qd1 Qd5 38. Be3 Rd8 39. b4 Rxd6 40. Bxd4 cxd4 41. Re8+ Kg7 0-1

[Event "Chess House GM December 2019"]
[Site "Aarhus"]
[Date "2019.12.13"]
[Round "3.1"]
[White "Thybo, Jesper Sondergaard"]
[Black "Danielsen, Henrik"]
[Result "0-1"]
[ECO "C02"]
[WhiteElo "2576"]
[BlackElo "2500"]
[Annotator "ChessBase"]
[PlyCount "70"]
[EventDate "2019.12.11"]
[EventType "tourn"]
[EventCountry "DEN"]
[SourceTitle "playchess.com"]
[Source "ChessBase"]
[SourceQuality "1"]
[TimeControl "40/5400+30:1800+30"]

1. e4 e6 2. d4 d5 3. e5 b6 4. c3 Qd7 5. Bd3 Ba6 6. Bc2 c5 7. Ne2 Nc6 8. Be3 cxd4 9. cxd4 Bb4+ 10. Nbc3 Nge7 11. O-O Nf5 12. Bxf5 exf5 13. Rc1 Bxc3 14. Rxc3 O-O 15. Re1 Bxe2 16. Qxe2 Rfc8 17. Qf3 h6 18. Qh5 Ne7 19. Rb3 Qe6 20. Rc3 Rc4 21. Rec1 Rac8 22. Qd1 b5 23. Qd2 Qc6 24. a4 bxa4 25. Rxc4 dxc4 26. Qa5 Nd5 27. Qxa7 f4 28. Bd2 f3 29. gxf3 Qg6+ 30. Kf1 Qd3+ 31. Ke1 Qxf3 32. Qxa4 Qe4+ 33. Kd1 Qxd4 34. Qa6 Rd8 35. Ke1 Nb4 0-1

[Event "Chess House GM December 2019"]
[Site "Aarhus"]
[Date "2019.12.13"]
[Round "3.3"]
[White "Olsen, Filip Boe"]
[Black "Ochsner, Bjorn Moller"]
[Result "1-0"]
[ECO "A22"]
[WhiteElo "2341"]
[BlackElo "2492"]
[Annotator "ChessBase"]
[PlyCount "77"]
[EventDate "2019.12.11"]
[EventType "tourn"]
[EventCountry "DEN"]
[SourceTitle "playchess.com"]
[Source "ChessBase"]
[SourceQuality "1"]
[TimeControl "40/5400+30:1800+30"]

1. c4 Nf6 2. Nc3 e5 3. g3 c6 4. d4 exd4 5. Qxd4 d5 6. Nf3 Be7 7. cxd5 cxd5 8. Bg2 Nc6 9. Qa4 O-O 10. O-O Qb6 11. Qb5 Rd8 12. Qxb6 axb6 13. Bf4 d4 14. Nb5 Nd5 15. Nc7 Nxf4 16. Nxa8 Nxe2+ 17. Kh1 b5 18. Nc7 d3 19. Nxb5 Bf6 20. Rad1 Bxb2 21. Rd2 Bc1 22. Rdd1 d2 23. Nxd2 Bxd2 24. Bf3 Ned4 25. Rxd2 Nxf3 26. Rxd8+ Nxd8 27. Rd1 Nc6 28. Na7 Be6 29. Nxc6 g6 30. Nb4 Kg7 31. Kg2 Ng5 32. f3 h5 33. Rd6 b5 34. h4 Nh7 35. a3 Nf6 36. Rb6 Bd7 37. Rb7 Be8 38. Kf2 Ng8 39. Na6 1-0

[Event "Chess House GM December 2019"]
[Site "Aarhus"]
[Date "2019.12.13"]
[Round "3.4"]
[White "Vinter-Schou, Uffe"]
[Black "Pakleza, Zbigniew"]
[Result "0-1"]
[ECO "C41"]
[WhiteElo "2359"]
[BlackElo "2503"]
[Annotator "RC"]
[PlyCount "152"]
[EventDate "2019.12.11"]
[EventType "tourn"]
[EventCountry "DEN"]
[SourceTitle "playchess.com"]
[Source "ChessBase"]
[SourceQuality "1"]
[TimeControl "40/5400+30:1800+30"]

1. e4 e5 2. Nf3 d6 3. d4 exd4 4. Nxd4 Nf6 5. Nc3 Be7 6. Be2 O-O 7. O-O Re8 8. Re1 c6 9. a4 Bf8 10. Bf1 a5 11. Bf4 Na6 12. h3 Qb6 13. Qd2 Nc5 14. f3 Bd7 15. Kh1 Rad8 16. b3 Bc8 17. Bg5 Be7 18. Nf5 Bxf5 19. exf5 Qc7 20. Bf4 Qd7 21. g4 d5 22. Qd4 h6 23. Be5 b6 24. Rad1 Qc8 25. Qf4 Nfd7 26. Bc7 Bh4 27. Re2 Rxe2 28. Nxe2 Re8 29. Nd4 Qb7 30. c4 Nf6 31. Bd6 Bf2 32. Be5 Ncd7 33. Bd6 Nc5 34. Qd2 Nce4 35. fxe4 Nxe4 36. Qb2 Bxd4 37. Qxd4 Nxd6 38. Bg2 f6 39. cxd5 c5 40. Qf4 Re5 41. Rc1 Qe7 42. Rc3 Re1+ 43. Kh2 Kf7 44. Rg3 Qe5 45. Qxe5 fxe5 46. Rc3 Kf6 47. Kg3 Re4 48. Kf2 Rd4 49. Ke3 Kg5 50. Rc2 Rb4 51. Rc3 Kf6 52. Bf1 Re4+ 53. Kf3 Rf4+ 54. Kg2 h5 55. gxh5 Nxf5 56. Bb5 e4 57. Bd7 Ke5 58. Be6 Kd4 59. Rc1 Ne3+ 60. Kg3 Ke5 61. Rg1 Nf1+ 62. Kg2 Nd2 63. Kh1 e3 64. Rg5+ Kd6 65. Bg4 Ne4 66. Rxg7 Nf2+ 67. Kg2 Nxg4 68. Rxg4 e2 69. Rxf4 e1=Q 70. Rf3 Qh4 71. Rf5 Qe4+ 72. Rf3 Qxd5 73. h4 Qxh5 74. Rh3 Ke5 75. Rh1 Kf4 76. Rf1+ Ke5 0-1

[Event "Chess House GM December 2019"]
[Site "Aarhus"]
[Date "2019.12.13"]
[Round "3.5"]
[White "Smith, Axel"]
[Black "Jacobsen, Mikkel Manosri"]
[Result "1-0"]
[ECO "D46"]
[WhiteElo "2470"]
[BlackElo "2348"]
[Annotator "ChessBase"]
[PlyCount "229"]
[EventDate "2019.12.11"]
[EventType "tourn"]
[EventCountry "DEN"]
[SourceTitle "playchess.com"]
[Source "ChessBase"]
[SourceQuality "1"]
[TimeControl "40/5400+30:1800+30"]

1. Nf3 d5 2. c4 c6 3. e3 Nf6 4. Nc3 Nbd7 5. d4 e6 6. Bd3 Bd6 7. e4 dxc4 8. Bxc4 e5 9. dxe5 Nxe5 10. Nxe5 Bxe5 11. Qxd8+ Kxd8 12. Bxf7 Rf8 13. Bb3 Bxc3+ 14. bxc3 Nxe4 15. O-O Re8 16. Re1 Bf5 17. Bc2 Bg6 18. c4 Nd6 19. Bg5+ Kd7 20. Bxg6 hxg6 21. c5 Rxe1+ 22. Rxe1 Nc8 23. g4 b6 24. Be3 Ne7 25. Bd4 Nd5 26. Bxg7 bxc5 27. h4 Rg8 28. Be5 Re8 29. Kh2 c4 30. Kg3 Nb4 31. f4 c5 32. Rc1 Kc6 33. Rxc4 Kd5 34. Rc3 c4 35. h5 gxh5 36. gxh5 Nd3 37. Bg7 Re4 38. h6 Nxf4 39. h7 Ng6 40. h8=Q Nxh8 41. Bxh8 Re8 42. Bf6 Re6 43. Bg5 Ra6 44. Rc2 Ke4 45. Rxc4+ Kd3 46. Rc7 Rxa2 47. Kf3 a5 48. Rd7+ Kc4 49. Ke3 Rg2 50. Bf4 a4 51. Ra7 Kb5 52. Kd3 Rg6 53. Kc3 Rf6 54. Be3 Rc6+ 55. Kb2 Re6 56. Bd2 Ra6 57. Rh7 Rd6 58. Bc3 Rc6 59. Rh5+ Rc5 60. Rh3 Rf5 61. Ka3 Rg5 62. Rh8 Rg6 63. Rh5+ Kc4 64. Bb4 Ra6 65. Rg5 Ra8 66. Ba5 Ra6 67. Rh5 Ra7 68. Kxa4 Ra8 69. Rh1 Rb8 70. Rc1+ Kd5 71. Bb4 Rb7 72. Kb3 Rh7 73. Rd1+ Kc6 74. Rd6+ Kc7 75. Rg6 Rh4 76. Bc5 Kd7 77. Kc3 Re4 78. Ra6 Rf4 79. Bd4 Re4 80. Kc4 Re6 81. Ra7+ Kd6 82. Ra8 Kc6 83. Ra7 Kd6 84. Ra5 Kc6 85. Be5 Kb6 86. Rd5 Kc6 87. Kd4 Re8 88. Rc5+ Kb6 89. Kc4 Re6 90. Bc7+ Ka6 91. Kd5 Rh6 92. Bd6 Rh5+ 93. Be5 Rh6 94. Rc1 Kb7 95. Rg1 Kb6 96. Rb1+ Ka5 97. Bd6 Rh4 98. Bc5 Rg4 99. Bd4 Ka6 100. Rb6+ Ka5 101. Rb8 Ka6 102. Kc4 Rg6 103. Ra8+ Kb7 104. Ra7+ Kb8 105. Rf7 Kc8 106. Kd5 Rg5+ 107. Kc6 Rg6+ 108. Bf6 Kb8 109. Kb6 Kc8 110. Rc7+ Kb8 111. Rc6 Rg8 112. Be5+ Ka8 113. Kc7 Ka7 114. Bd4+ Ka8 115. Ra6# 1-0

[Event "Chess House GM December 2019"]
[Site "Aarhus"]
[Date "2019.12.14"]
[Round "4.4"]
[White "Ochsner, Bjorn Moller"]
[Black "Vinter-Schou, Uffe"]
[Result "1-0"]
[ECO "B12"]
[WhiteElo "2492"]
[BlackElo "2359"]
[Annotator "RC"]
[PlyCount "59"]
[EventDate "2019.12.11"]
[EventType "tourn"]
[EventCountry "DEN"]
[SourceTitle "playchess.com"]
[Source "ChessBase"]
[SourceQuality "1"]
[TimeControl "40/5400+30:1800+30"]

1. e4 c6 2. d4 d5 3. e5 Bf5 4. h4 c5 5. dxc5 Nc6 6. Bb5 Qc7 7. Nc3 O-O-O 8. Bxc6 Qxe5+ 9. Nge2 bxc6 10. Bf4 Qf6 11. Qd2 h6 12. O-O-O g6 13. Nd4 Bg7 14. Be5 Qxe5 15. Nxc6 Qc7 16. Nb5 Qxc6 17. Nxa7+ Kb7 18. Nxc6 Kxc6 19. Qb4 Nf6 20. Qb6+ Kd7 21. c6+ Ke8 22. Rhe1 e6 23. a4 h5 24. Qb7 Bh6+ 25. Kb1 e5 26. Rxe5+ Kf8 27. c7 Rc8 28. Rxf5 Kg7 29. Rxf6 Kxf6 30. g3 1-0

[Event "Chess House GM December 2019"]
[Site "Aarhus"]
[Date "2019.12.14"]
[Round "5.2"]
[White "Olsen, Filip Boe"]
[Black "Thybo, Jesper Sondergaard"]
[Result "0-1"]
[ECO "E04"]
[WhiteElo "2341"]
[BlackElo "2576"]
[Annotator "ChessBase"]
[PlyCount "72"]
[EventDate "2019.12.11"]
[EventType "tourn"]
[EventCountry "DEN"]
[SourceTitle "playchess.com"]
[Source "ChessBase"]
[SourceQuality "1"]
[TimeControl "40/5400+30:1800+30"]

1. d4 e6 2. c4 Nf6 3. Nf3 d5 4. g3 dxc4 5. Bg2 c6 6. Ne5 Bb4+ 7. Bd2 Be7 8. e3 b5 9. O-O Bb7 10. b3 cxb3 11. axb3 a5 12. Nc3 Qb6 13. Ne4 Nxe4 14. Bxe4 Nd7 15. Nd3 O-O 16. Qc2 g6 17. Rfc1 Rfc8 18. Qa2 b4 19. Nb2 c5 20. Nc4 Qa7 21. Bxb7 Qxb7 22. Qb2 Qb5 23. e4 cxd4 24. Qxd4 Bf6 25. Qd6 Ra6 26. Rxa5 Rxd6 27. Rxb5 Rxd2 28. Rxb4 Ne5 29. Nxd2 Rxc1+ 30. Kg2 Rc2 31. Rd4 Ng4 32. e5 Bxe5 33. Rd8+ Kg7 34. h3 Nf6 35. Nc4 Bc3 36. Kf3 Be1 0-1

[Event "Chess House GM December 2019"]
[Site "Aarhus"]
[Date "2019.12.14"]
[Round "5.3"]
[White "Vasli, Aref"]
[Black "Pakleza, Zbigniew"]
[Result "0-1"]
[ECO "B07"]
[WhiteElo "2413"]
[BlackElo "2503"]
[Annotator "ChessBase"]
[PlyCount "110"]
[EventDate "2019.12.11"]
[EventType "tourn"]
[EventCountry "DEN"]
[SourceTitle "playchess.com"]
[Source "ChessBase"]
[SourceQuality "1"]
[TimeControl "40/5400+30:1800+30"]

1. e4 d6 2. d4 Nf6 3. Nc3 g6 4. f3 c6 5. Be3 Bg7 6. Qd2 b5 7. Nge2 O-O 8. g4 Re8 9. Ng3 e5 10. dxe5 dxe5 11. Bd3 Qc7 12. g5 Nfd7 13. h4 b4 14. Na4 c5 15. h5 Nc6 16. hxg6 hxg6 17. c3 Qa5 18. Bc2 bxc3 19. bxc3 Nb6 20. Nxb6 axb6 21. Bb3 Be6 22. Bxe6 fxe6 23. O-O Red8 24. Qc2 Qa4 25. Qxa4 Rxa4 26. Rfd1 Rxd1+ 27. Rxd1 Na5 28. Rd8+ Bf8 29. Ra8 Rxa2 30. Nf1 Ra3 31. Bd2 Nc4 32. Rxa3 Nxa3 33. Ne3 Be7 34. Ng4 Nc4 35. Bc1 b5 36. Kf1 b4 37. cxb4 cxb4 38. Ke2 b3 39. Kd3 b2 40. Bxb2 Nxb2+ 41. Kc2 Nc4 42. Kd3 Na5 43. Nxe5 Kg7 44. f4 Bd6 45. Nxg6 Kxg6 46. f5+ exf5 47. exf5+ Kxf5 48. Kd4 Bf8 49. Kd5 Nb3 50. g6 Bg7 51. Kc4 Nd4 52. Kd5 Kxg6 53. Ke4 Ne6 54. Kf3 Kf5 55. Kg3 Nd4 0-1

[Event "Chess House GM December 2019"]
[Site "Aarhus"]
[Date "2019.12.14"]
[Round "5.4"]
[White "Svane, Frederik"]
[Black "Ochsner, Bjorn Moller"]
[Result "1/2-1/2"]
[ECO "A06"]
[WhiteElo "2398"]
[BlackElo "2492"]
[Annotator "ChessBase"]
[PlyCount "111"]
[EventDate "2019.12.11"]
[EventType "tourn"]
[EventCountry "DEN"]
[SourceTitle "playchess.com"]
[Source "ChessBase"]
[SourceQuality "1"]
[TimeControl "40/5400+30:1800+30"]

1. Nf3 d5 2. g3 Nf6 3. Bg2 Bf5 4. O-O e6 5. d3 h6 6. b3 Be7 7. Bb2 O-O 8. Nbd2 Bh7 9. Re1 a5 10. a4 Nc6 11. e4 Nb4 12. Ne5 c6 13. h4 Rc8 14. Rc1 Na2 15. Ra1 Nb4 16. Rc1 Rc7 17. Qe2 Na2 18. Ra1 Nb4 19. Nf1 c5 20. Nh2 Nc6 21. exd5 exd5 22. Nxc6 bxc6 23. Nf3 Bd6 24. Qd2 Ra7 25. Ne5 Qc7 26. Bh3 Raa8 27. Nf3 d4 28. Qe2 Nd5 29. Nd2 Rfd8 30. Nc4 Bf8 31. Qf3 Re8 32. Re2 Rxe2 33. Qxe2 Kh8 34. Re1 f6 35. Qe6 Rd8 36. Qe2 Bg6 37. Bc1 Bf7 38. Bd2 Nb4 39. Bf4 Qa7 40. h5 Qa8 41. Nb6 Qa7 42. Nc4 Nd5 43. Bd2 Nb4 44. Bf5 Nxc2 45. Bxa5 Rd5 46. Bb6 Qb7 47. Qxc2 Rxf5 48. Qe2 Bxc4 49. Qe8 Bg8 50. Qxf8 Qxb6 51. f4 Qxb3 52. Re7 Qd1+ 53. Kg2 Qd2+ 54. Kg1 Qd1+ 55. Kg2 Qd2+ 56. Kg1 1/2-1/2

[Event "Chess House GM December 2019"]
[Site "Aarhus"]
[Date "2019.12.14"]
[Round "5.5"]
[White "Vinter-Schou, Uffe"]
[Black "Jacobsen, Mikkel Manosri"]
[Result "0-1"]
[ECO "B29"]
[WhiteElo "2359"]
[BlackElo "2348"]
[Annotator "RC"]
[PlyCount "118"]
[EventDate "2019.12.11"]
[EventType "tourn"]
[EventCountry "DEN"]
[SourceTitle "playchess.com"]
[Source "ChessBase"]
[SourceQuality "1"]
[TimeControl "40/5400+30:1800+30"]

1. e4 c5 2. Nf3 Nf6 3. Nc3 d5 4. e5 Nfd7 5. d4 e6 6. Ne2 b6 7. c3 Ba6 8. g3 Nc6 9. Bg2 cxd4 10. cxd4 Nb4 11. O-O Qc8 12. Ne1 Qc4 13. Bf3 Rc8 14. a3 Nc6 15. b3 Qb5 16. Ra2 Nxd4 17. Qxd4 Rxc1 18. a4 Qc5 19. Qf4 Rd1 20. Nc2 Rxf1+ 21. Kxf1 Qc7 22. Ncd4 Qxe5 23. Qd2 Bc5 24. Kg2 O-O 25. Nb5 Qb8 26. b4 Be7 27. Ned4 Rc8 28. Qe3 Ne5 29. Be2 Bf6 30. f4 Nc4 31. Qf2 g6 32. Bg4 Nd6 33. Rc2 Nxb5 34. Nc6 Qb7 35. axb5 Bxb5 36. Ne5 Rxc2 37. Qxc2 Be8 38. Be2 Bxe5 39. fxe5 a5 40. b5 Bd7 41. h4 Qc8 42. Qd2 a4 43. h5 a3 44. h6 Qf8 45. Bd3 f6 46. Qc3 Qc5 47. Qd2 Bxb5 48. exf6 Bxd3 49. f7+ Kxf7 50. Qxd3 a2 51. Qf1+ Ke7 52. Qa6 Qa5 53. Qb7+ Kd6 54. Qb8+ Kc6 55. Qe8+ Kb7 56. Qd7+ Ka6 57. Qc8+ Kb5 58. Qe8+ Kb4 59. Qf8+ Kb3 0-1

[Event "Chess House GM December 2019"]
[Site "Aarhus"]
[Date "2019.12.15"]
[Round "7.1"]
[White "Olsen, Filip Boe"]
[Black "Danielsen, Henrik"]
[Result "1/2-1/2"]
[ECO "B38"]
[WhiteElo "2341"]
[BlackElo "2500"]
[Annotator "ChessBase"]
[PlyCount "65"]
[EventDate "2019.12.11"]
[EventType "tourn"]
[EventCountry "DEN"]
[SourceTitle "playchess.com"]
[Source "ChessBase"]
[SourceQuality "1"]
[TimeControl "40/5400+30:1800+30"]

1. d4 g6 2. Nf3 Bg7 3. c4 c5 4. e4 cxd4 5. Nxd4 Nc6 6. Be3 Nf6 7. Nc3 O-O 8. Be2 d6 9. O-O Bd7 10. h3 Nxd4 11. Bxd4 Bc6 12. Qc2 a5 13. Rad1 Nd7 14. Bxg7 Kxg7 15. Bg4 Ne5 16. c5 Nxg4 17. hxg4 Qc8 18. cxd6 Qxg4 19. dxe7 Rfe8 20. Nd5 Bxd5 21. Qc3+ Kg8 22. exd5 Rxe7 23. Qf6 Rd7 24. Rfe1 Rad8 25. Rd4 Qh5 26. Rde4 Rf8 27. Re8 Qh6 28. R1e7 Rxe7 29. Qxe7 Qc1+ 30. Kh2 Qf4+ 31. Kg1 Qc1+ 32. Kh2 Qf4+ 33. Kg1 1/2-1/2

[Event "Chess House GM December 2019"]
[Site "Aarhus"]
[Date "2019.12.15"]
[Round "7.2"]
[White "Svane, Frederik"]
[Black "Thybo, Jesper Sondergaard"]
[Result "0-1"]
[ECO "B51"]
[WhiteElo "2398"]
[BlackElo "2576"]
[Annotator "ChessBase"]
[PlyCount "74"]
[EventDate "2019.12.11"]
[EventType "tourn"]
[EventCountry "DEN"]
[SourceTitle "playchess.com"]
[Source "ChessBase"]
[SourceQuality "1"]
[TimeControl "40/5400+30:1800+30"]

1. e4 c5 2. Nf3 d6 3. Bb5+ Nd7 4. d4 cxd4 5. Qxd4 a6 6. Bxd7+ Bxd7 7. Nc3 Nf6 8. Bg5 e6 9. O-O h6 10. Bh4 e5 11. Qd3 g5 12. Bg3 Be7 13. Nd2 b5 14. Rfd1 Rc8 15. Nf1 h5 16. f3 b4 17. Nd5 Nxd5 18. Qxd5 Rxc2 19. Qb3 Qb6+ 20. Kh1 Re2 21. Be1 h4 22. Qxb4 Bb5 23. a4 h3 24. gxh3 d5 25. Qc3 Qe6 26. Rac1 Bc4 27. f4 gxf4 28. Rd2 Qxh3 29. Qxh3 Rxh3 30. Rxe2 Bxe2 31. Kg2 Rb3 32. exd5 Rxb2 33. Bc3 Bxf1+ 34. Kxf1 Rxh2 35. Be1 e4 36. Rc8+ Kd7 37. Ra8 Rh1+ 0-1

[Event "Chess House GM December 2019"]
[Site "Aarhus"]
[Date "2019.12.15"]
[Round "7.5"]
[White "Vasli, Aref"]
[Black "Jacobsen, Mikkel Manosri"]
[Result "0-1"]
[ECO "B13"]
[WhiteElo "2413"]
[BlackElo "2348"]
[Annotator "NA"]
[PlyCount "64"]
[EventDate "2019.12.11"]
[EventType "tourn"]
[EventCountry "DEN"]
[SourceTitle "playchess.com"]
[Source "ChessBase"]
[SourceQuality "1"]
[TimeControl "40/5400+30:1800+30"]

1. e4 c6 2. d4 d5 3. exd5 cxd5 4. c4 Nf6 5. Nc3 Nc6 6. Bg5 Be6 7. a3 Qd7 8. Nf3 Ne4 9. cxd5 Bxd5 10. Be3 Nxc3 11. bxc3 g6 12. Be2 Bg7 13. O-O O-O 14. c4 Bxf3 15. Bxf3 Nxd4 16. Bxd4 Bxd4 17. Rb1 Rab8 18. Rb5 e6 19. Qb1 Qe7 20. Rxb7 Rxb7 21. Qxb7 Qxa3 22. Qc7 Qc3 23. Rd1 Bb6 24. Qf4 Qc2 25. Rf1 Rc8 26. Bb7 Qxc4 27. Qf3 Rc5 28. g3 Rf5 29. Qa3 Qe2 30. Kg2 Rxf2+ 31. Rxf2 Qxf2+ 32. Kh1 Qg1# 0-1

[Event "Chess House GM December 2019"]
[Site "Aarhus"]
[Date "2019.12.16"]
[Round "8.1"]
[White "Thybo, Jesper Sondergaard"]
[Black "Vasli, Aref"]
[Result "1-0"]
[ECO "A61"]
[WhiteElo "2576"]
[BlackElo "2413"]
[Annotator "ChessBase"]
[PlyCount "85"]
[EventDate "2019.12.11"]
[EventType "tourn"]
[EventCountry "DEN"]
[SourceTitle "playchess.com"]
[Source "ChessBase"]
[SourceQuality "1"]
[TimeControl "40/5400+30:1800+30"]

1. d4 Nf6 2. c4 e6 3. Nf3 c5 4. d5 exd5 5. cxd5 d6 6. Nc3 g6 7. h3 a6 8. a4 Qe7 9. Bf4 Bg7 10. Nd2 O-O 11. Nc4 Rd8 12. e3 Ne8 13. Be2 Nd7 14. O-O Ne5 15. Nb6 Rb8 16. e4 Nd7 17. Nc4 Ne5 18. Ne3 b5 19. axb5 axb5 20. Bxb5 Nf6 21. Qe2 Bd7 22. Bxe5 Qxe5 23. Bxd7 Rxd7 24. Nc4 Qe8 25. Ra6 Qf8 26. Rfa1 Re8 27. Qf3 Qe7 28. Re1 Nh5 29. g4 Nf6 30. e5 dxe5 31. Rxe5 Qd8 32. Rxe8+ Nxe8 33. d6 Qg5 34. Ra8 Rd8 35. Qc6 Bf8 36. d7 Nc7 37. Rxd8 Qxd8 38. Nd6 Bxd6 39. Qxd6 Ne6 40. Nd5 Nf8 41. Qe7 Ne6 42. Qe8+ Kg7 43. Nf4 1-0

[Event "Chess House GM December 2019"]
[Site "Aarhus"]
[Date "2019.12.16"]
[Round "8.2"]
[White "Danielsen, Henrik"]
[Black "Ochsner, Bjorn Moller"]
[Result "1/2-1/2"]
[ECO "A04"]
[WhiteElo "2500"]
[BlackElo "2492"]
[Annotator "ChessBase"]
[PlyCount "81"]
[EventDate "2019.12.11"]
[EventType "tourn"]
[EventCountry "DEN"]
[SourceTitle "playchess.com"]
[Source "ChessBase"]
[SourceQuality "1"]
[TimeControl "40/5400+30:1800+30"]

1. Nf3 c5 2. c3 Nf6 3. d4 e6 4. g3 Nc6 5. Bg2 d5 6. O-O cxd4 7. cxd4 Be7 8. Nc3 O-O 9. Bg5 h6 10. Bxf6 Bxf6 11. a3 b6 12. b4 Bb7 13. Rc1 Rc8 14. e3 Ne7 15. Qb3 Nf5 16. Rfd1 Nd6 17. Nd2 Rc7 18. Bf1 Qe7 19. Nb5 Nxb5 20. Bxb5 Rfc8 21. Qb2 e5 22. Nf3 Rxc1 23. Rxc1 Rxc1+ 24. Qxc1 exd4 25. Nxd4 g6 26. h4 Kg7 27. Qc3 h5 28. Bf1 Qd8 29. Bg2 a5 30. bxa5 bxa5 31. Qb3 Qc7 32. Qb5 Bc8 33. Bxd5 Qc1+ 34. Kg2 Qxa3 35. Qc4 Qd6 36. Bxf7 Bb7+ 37. f3 Bxd4 38. exd4 Bxf3+ 39. Kxf3 Qf6+ 40. Kg2 Qxf7 41. d5 1/2-1/2

[Event "Chess House GM December 2019"]
[Site "Aarhus"]
[Date "2019.12.16"]
[Round "8.3"]
[White "Smith, Axel"]
[Black "Svane, Frederik"]
[Result "1/2-1/2"]
[ECO "D27"]
[WhiteElo "2470"]
[BlackElo "2398"]
[Annotator "ChessBase"]
[PlyCount "81"]
[EventDate "2019.12.11"]
[EventType "tourn"]
[EventCountry "DEN"]
[SourceTitle "playchess.com"]
[Source "ChessBase"]
[SourceQuality "1"]
[TimeControl "40/5400+30:1800+30"]

1. d4 d5 2. c4 dxc4 3. e3 Nf6 4. Bxc4 e6 5. Nf3 c5 6. O-O a6 7. b3 b5 8. Be2 Nbd7 9. Bb2 Bb7 10. a4 bxa4 11. Rxa4 cxd4 12. Bxd4 Bc5 13. Nbd2 O-O 14. Qa1 Bxd4 15. Nxd4 Nc5 16. Ra5 Nce4 17. Nxe4 Nxe4 18. Bf3 Qb6 19. Rc1 h6 20. Re5 Nd6 21. Bxb7 Qxb7 22. Rec5 Rfc8 23. Nc6 Kh8 24. Qe5 Ne8 25. Qc3 Nf6 26. Qc2 Rc7 27. Nd4 Rxc5 28. Qxc5 Kg8 29. h3 Qd5 30. Kf1 Qxc5 31. Rxc5 a5 32. Rc4 Rb8 33. Ra4 Ne4 34. Rxa5 Nd2+ 35. Ke1 Nxb3 36. Rb5 Rxb5 37. Nxb5 Nc5 38. Ke2 Kf8 39. g4 g5 40. f4 Ke7 41. Kf3 1/2-1/2

[Event "Chess House GM December 2019"]
[Site "Aarhus"]
[Date "2019.12.16"]
[Round "8.5"]
[White "Olsen, Filip Boe"]
[Black "Uffe Vinther-Schou"]
[Result "0-1"]
[ECO "E10"]
[WhiteElo "2341"]
[BlackElo "2359"]
[Annotator "NA"]
[PlyCount "54"]
[EventDate "2019.12.11"]
[EventType "tourn"]
[EventCountry "DEN"]
[SourceTitle "playchess.com"]
[Source "ChessBase"]
[SourceQuality "1"]
[TimeControl "40/5400+30:1800+30"]

1. d4 Nf6 2. c4 e6 3. Nf3 c5 4. d5 exd5 5. cxd5 Bd6 6. Nc3 Bc7 7. e4 d6 8. h3 O-O 9. Bd3 a6 10. a4 Re8 11. O-O Nbd7 12. Bf4 Nf8 13. Nd2 Ng6 14. Bg3 Rb8 15. a5 Ne5 16. Bxe5 Rxe5 17. Nc4 Re8 18. e5 Rxe5 19. Nxe5 dxe5 20. Qf3 Qd6 21. Rfd1 Bd7 22. Bf5 e4 23. Nxe4 Qh2+ 24. Kf1 Bb5+ 25. Rd3 Nxe4 26. Bxh7+ Kf8 27. Rad1 Ng5 0-1

[Event "Chess House GM December 2019"]
[Site "Aarhus"]
[Date "2019.12.17"]
[Round "9.1"]
[White "Svane, Frederik"]
[Black "Olsen, Filip Boe"]
[Result "1-0"]
[ECO "B23"]
[WhiteElo "2398"]
[BlackElo "2341"]
[Annotator "ChessBase"]
[PlyCount "63"]
[EventDate "2019.12.11"]
[EventType "tourn"]
[EventCountry "DEN"]
[SourceTitle "playchess.com"]
[Source "ChessBase"]
[SourceQuality "1"]
[TimeControl "40/5400+30:1800+30"]

1. e4 c5 2. Nc3 d6 3. Nge2 Nf6 4. g3 g6 5. Bg2 Bg7 6. O-O O-O 7. d3 Nc6 8. h3 Rb8 9. f4 Nd7 10. a4 a6 11. Nd5 b5 12. axb5 axb5 13. Ne3 b4 14. c3 bxc3 15. bxc3 Nb6 16. f5 Ne5 17. d4 cxd4 18. cxd4 Nec4 19. Ng4 Kh8 20. Nh6 Qe8 21. Rf2 d5 22. Bf4 dxe4 23. Bxb8 Bxh6 24. Bf4 Bxf4 25. Nxf4 gxf5 26. d5 f6 27. Qd4 Rg8 28. Bf1 Rxg3+ 29. Kh2 e3 30. Bxc4 Nxc4 31. Qxc4 Qg8 32. Rg2 1-0